EL
MISSISSIPPI BRAVES @ SAN ANTONIO MISSIONS
06/30/2049
 
TOP OF THE 1ST
Mississippi Braves batting - Pitching for San Antonio Missions : LHP Jeff Troxel
Pitching: LHP Jeff Troxel
Batting: RHB Hieronim Rutkowski 0-0: Called Strike
0-1: Ball
1-1: Foul Ball, location: 2F
1-2: SINGLE (Groundball, 56D, EV 98.1 MPH)
Batting: LHB Sal Fernandez 0-0: Ball
1-0: Swinging Strike
1-1: Called Strike
1-2: Strikes out swinging
Batting: LHB Art D'Ascenzo 0-0: Called Strike
0-1: Ball
1-1: Foul Ball, location: 2F
1-2: Ball
2-2: Ball
3-2: Foul Ball, location: 2F
3-2: SINGLE (Groundball, 4, EV 88.1 MPH) (infield hit)
Hieronim Rutkowski to second
Batting: RHB Luis Restrepo 0-0: Called Strike
0-1: Called Strike
0-2: Foul Ball, location: 2F
0-2: Fielders Choice at 2nd, 3-6 (Groundball, 34, EV 106.2 MPH)
Hieronim Rutkowski to third
Batting: RHB Paul Landes 0-0: Hit by Pitch
Luis Restrepo to second
Batting: SHB Jose Melendez 0-0: Called Strike
0-1: Foul Ball, location: 2F
0-2: Foul Ball, location: 2F
0-2: Strikes out looking
Top of the 1st over - 0 runs, 2 hits, 0 errors, 3 left on base; Mississippi 0 - San Antonio 0
BOTTOM OF THE 1ST
San Antonio Missions batting - Pitching for Mississippi Braves : LHP Carlos Salcido
Pitching: LHP Carlos Salcido
Batting: RHB Niek de Haan 0-0: Ball
1-0: Called Strike
1-1: Ball
2-1: Ball
3-1: Called Strike
3-2: Strikes out swinging
Batting: RHB Chase Briney 0-0: Ball
1-0: Called Strike
1-1: Swinging Strike
1-2: Ball
2-2: Fly out, F6 (Line Drive, 6, EV 65.0 MPH)
Batting: RHB Kory Sanchez 0-0: Ball
1-0: Ball
2-0: Called Strike
2-1: Fly out, F9 (Flyball, 9, EV 83.1 MPH)
Bottom of the 1st over - 0 runs, 0 hits, 0 errors, 0 left on base; Mississippi 0 - San Antonio 0
TOP OF THE 2ND
Mississippi Braves batting - Pitching for San Antonio Missions : LHP Jeff Troxel
Batting: RHB Tim Molchan 0-0: Called Strike
0-1: Ball
1-1: Called Strike
1-2: Ball
2-2: Strikes out swinging
Pitching: RHP Mike LaMonica
Batting: RHB Elias Vences 0-0: Foul Ball, location: 2F
0-1: Ball
1-1: Ball
2-1: Ball
3-1: Called Strike
3-2: Foul Ball, location: 2F
3-2: DOUBLE (Line Drive, 9LS, EV 98.8 MPH)
Batting: LHB Fred Arends 0-0: Called Strike
0-1: Ground out U3 (Groundball, 3, EV 82.5 MPH)
Elias Vences to third
Batting: RHB Hieronim Rutkowski 0-0: Called Strike
0-1: Ball
1-1: Swinging Strike
1-2: Strikes out swinging
Top of the 2nd over - 0 runs, 1 hit, 0 errors, 1 left on base; Mississippi 0 - San Antonio 0
BOTTOM OF THE 2ND
San Antonio Missions batting - Pitching for Mississippi Braves : LHP Carlos Salcido
Batting: RHB Travis Carter 0-0: Called Strike
0-1: DOUBLE (Groundball, 5L, EV 97.5 MPH)
Batting: RHB Jesse White 0-0: Ball
1-0: Foul Ball, location: 2F
1-1: Foul Ball, location: 2F
1-2: Strikes out swinging
Batting: RHB Bryan Pitcher 0-0: Ball
1-0: Swinging Strike
1-1: Foul Ball, location: 2F
1-2: Ball
2-2: Ball
3-2: Base on Balls
Batting: RHB Jaden Scott 0-0: Called Strike
0-1: DOUBLE (Line Drive, 78XD, EV 104.4 MPH)
Travis Carter scores
Bryan Pitcher to third
Batting: RHB Eric Erickson 0-0: Ball
1-0: Called Strike
1-1: Foul Ball, location: 2F
1-2: DOUBLE (Flyball, 8LXD, EV 96.2 MPH)
Bryan Pitcher scores
Jaden Scott scores
Batting: SHB Isaiah Scates 0-0: Ball
1-0: Foul Ball, location: 2F
1-1: Foul Ball, location: 2F
1-2: Ground out 6-3 (Groundball, 6S, EV 73.1 MPH)
Eric Erickson to third
Batting: RHB Niek de Haan 0-0: Ball
1-0: Ball
2-0: Called Strike
2-1: Foul Ball, location: 2F
2-2: Strikes out swinging
Bottom of the 2nd over - 3 runs, 3 hits, 0 errors, 1 left on base; Mississippi 0 - San Antonio 3
TOP OF THE 3RD
Mississippi Braves batting - Pitching for San Antonio Missions : RHP Mike LaMonica
Batting: LHB Sal Fernandez 0-0: Ball
1-0: Called Strike
1-1: Ball
2-1: Ball
3-1: Foul Ball, location: 2F
3-2: Strikes out swinging
Batting: LHB Art D'Ascenzo 0-0: Called Strike
0-1: Ball
1-1: Ball
2-1: Swinging Strike
2-2: Ball
3-2: Base on Balls
Batting: RHB Luis Restrepo 0-0: Called Strike
0-1: Fly out, F8 (Flyball, 89M, EV 77.5 MPH)
Batting: RHB Paul Landes 0-0: Ball
1-0: Foul Ball, location: 2F
1-1: Ground out 2-3 (Groundball, 15S, EV 68.1 MPH)
Top of the 3rd over - 0 runs, 0 hits, 0 errors, 1 left on base; Mississippi 0 - San Antonio 3
BOTTOM OF THE 3RD
San Antonio Missions batting - Pitching for Mississippi Braves : LHP Carlos Salcido
Batting: RHB Chase Briney 0-0: Called Strike
0-1: Called Strike
0-2: Foul Ball, location: 2F
0-2: Ball
1-2: Ball
2-2: SINGLE (Line Drive, 7S, EV 98.1 MPH)
Batting: RHB Kory Sanchez 0-0: Called Strike
0-1: Foul Ball, location: 2F
0-2: Strikes out looking
Batting: RHB Travis Carter 0-0: Ball
1-0: Ball
2-0: 2-RUN HOME RUN (Flyball, 78XD, EV 102.5 MPH), Distance : 399 ft
Pitching: RHP Andy Britton
Batting: RHB Jesse White 0-0: Called Strike
0-1: Ball
1-1: Foul Ball, location: 2F
1-2: Ball
2-2: Foul Ball, location: 2F
2-2: Ball
3-2: Strikes out swinging
Batting: RHB Bryan Pitcher 0-0: Ball
1-0: Ball
2-0: Ball
3-0: Base on Balls
Batting: RHB Jaden Scott 0-0: Called Strike
0-1: Swinging Strike
0-2: Foul Ball, location: 2F
0-2: Ball
1-2: Ball
2-2: Reached on error, E6 (Groundball, 6, EV 79.4 MPH)
Bryan Pitcher to second
Batting: RHB Eric Erickson 0-0: Called Strike
0-1: Foul Ball, location: 2F
0-2: Ball
1-2: Ball
2-2: Ground out 4-3 (Groundball, 34, EV 85.0 MPH)
Bottom of the 3rd over - 2 runs, 2 hits, 1 error, 2 left on base; Mississippi 0 - San Antonio 5
TOP OF THE 4TH
Mississippi Braves batting - Pitching for San Antonio Missions : RHP Mike LaMonica
Batting: SHB Jose Melendez 0-0: Ball
1-0: Called Strike
1-1: SINGLE (Line Drive, 34D, EV 95.6 MPH)
Batting: RHB Tim Molchan 0-0: Foul Ball, location: 2F
0-1: Ball
Jose Melendez steals 2nd base (no throw)
1-1: Called Strike
1-2: Ball
2-2: Strikes out swinging
Batting: RHB Elias Vences 0-0: Swinging Strike
0-1: Called Strike
0-2: Ball
1-2: Ground out U3 (Groundball, 3, EV 86.9 MPH)
Jose Melendez to third
Batting: LHB Fred Arends 0-0: Foul Ball, location: 2F
0-1: Foul Ball, location: 2F
0-2: Foul Ball, location: 2F
0-2: Ball
1-2: Fly out, F7 (Line Drive, 7, EV 93.8 MPH)
Top of the 4th over - 0 runs, 1 hit, 0 errors, 1 left on base; Mississippi 0 - San Antonio 5
BOTTOM OF THE 4TH
San Antonio Missions batting - Pitching for Mississippi Braves : RHP Andy Britton
Batting: SHB Isaiah Scates 0-0: Called Strike
0-1: Foul Ball, location: 2F
0-2: Strikes out looking
Batting: RHB Niek de Haan 0-0: Foul Ball, location: 2F
0-1: Ball
1-1: Reached on error, E6 (Groundball, 6, EV 88.1 MPH)
Batting: RHB Chase Briney 0-0: Called Strike
0-1: Ball
1-1: Fly out, F9 (Flyball, 9LMF, EV 75.6 MPH)
Batting: RHB Kory Sanchez 0-0: Ball
1-0: Ball
2-0: Foul Ball, location: 2F
2-1: Ball
3-1: SINGLE (Line Drive, 78M, EV 87.5 MPH)
Niek de Haan to third
Runner from 3rd tries for Home, SAFE, throw by CF to home
Kory Sanchez to second
Batting: RHB Travis Carter 0-0: Ball
1-0: Fly out, F9 (Flyball, 89M, EV 95.6 MPH)
Bottom of the 4th over - 1 run, 1 hit, 1 error, 1 left on base; Mississippi 0 - San Antonio 6
TOP OF THE 5TH
Mississippi Braves batting - Pitching for San Antonio Missions : RHP Mike LaMonica
Batting: RHB Hieronim Rutkowski 0-0: Ball
1-0: Foul Ball, location: 2F
1-1: Ball
2-1: Ball
3-1: Swinging Strike
3-2: Foul Ball, location: 2F
3-2: Base on Balls
Batting: LHB Sal Fernandez 0-0: Ball
Wild Pitch!
Hieronim Rutkowski to second
1-0: Called Strike
1-1: Ball
2-1: Ball
3-1: Base on Balls
Batting: LHB Art D'Ascenzo 0-0: Ball
1-0: Ball
2-0: Ball
Hieronim Rutkowski steals 3rd, throwing error, E2
Hieronim Rutkowski scores
Sal Fernandez to third
3-0: Base on Balls
Pitching: LHP Don Quiponch
Batting: RHB Luis Restrepo 0-0: Called Strike
0-1: Ball
1-1: Called Strike
1-2: Foul Ball, location: 2F
1-2: Foul Ball, location: 2F
1-2: Ball
2-2: DOUBLE (Groundball, 5L, EV 109.4 MPH)
Sal Fernandez scores
Art D'Ascenzo to third
Runner from 3rd tries for Home, SAFE, no throw by LF
Batting: RHB Paul Landes 0-0: Called Strike
0-1: Foul Ball, location: 2F
0-2: Foul Ball, location: 2F
0-2: Ball
1-2: Ball
2-2: Strikes out swinging
Batting: SHB Jose Melendez 0-0: Ball
1-0: Ground out 5-3 (Groundball, 56S, EV 82.5 MPH)
Batting: RHB Tim Molchan 0-0: Ball
1-0: Foul Ball, location: 2F
1-1: Ball
2-1: Called Strike
2-2: Ball
3-2: Fly out, F8 (Line Drive, 8RD, EV 87.5 MPH)
Top of the 5th over - 3 runs, 1 hit, 1 error, 1 left on base; Mississippi 3 - San Antonio 6
BOTTOM OF THE 5TH
San Antonio Missions batting - Pitching for Mississippi Braves : RHP Andy Britton
Batting: RHB Jesse White 0-0: Called Strike
0-1: Ball
1-1: Ball
2-1: Called Strike
2-2: Ball
3-2: Base on Balls
Pitching: LHP Jake Warwick
Batting: RHB Bryan Pitcher 0-0: Ball
1-0: Ball
2-0: Called Strike
2-1: Foul Ball, location: 2F
2-2: Strikes out swinging
Batting: RHB Jaden Scott 0-0: Ball
1-0: Ball
2-0: Ground out 6-3 (Groundball, P, EV 90.0 MPH)
Jesse White to second
Batting: RHB Eric Erickson 0-0: Ground out 4-3 (Groundball, 4, EV 91.2 MPH)
Bottom of the 5th over - 0 runs, 0 hits, 0 errors, 1 left on base; Mississippi 3 - San Antonio 6
TOP OF THE 6TH
Mississippi Braves batting - Pitching for San Antonio Missions : LHP Don Quiponch
Batting: RHB Elias Vences 0-0: Ball
1-0: Called Strike
1-1: Foul Ball, location: 2F
1-2: Ball
2-2: Strikes out swinging
Batting: RHB Justin Reich 0-0: Swinging Strike
0-1: Ball
1-1: Foul Ball, location: 2F
1-2: Foul Ball, location: 2F
1-2: Foul Ball, location: 2F
1-2: Fly out, F9 (Flyball, 9, EV 89.4 MPH)
Batting: RHB Hieronim Rutkowski 0-0: Called Strike
0-1: DOUBLE (Groundball, 3L, EV 103.8 MPH)
Batting: LHB Sal Fernandez 0-0: Called Strike
0-1: Called Strike
0-2: Fly out, F8 (Flyball, 8RD, EV 92.5 MPH)
Top of the 6th over - 0 runs, 1 hit, 0 errors, 1 left on base; Mississippi 3 - San Antonio 6
BOTTOM OF THE 6TH
San Antonio Missions batting - Pitching for Mississippi Braves : LHP Jake Warwick
Batting: SHB Isaiah Scates 0-0: Ball
1-0: Swinging Strike
1-1: Ground out 3-1 (Groundball, 34S, EV 87.5 MPH)
Batting: RHB Niek de Haan 0-0: Foul Ball, location: 2F
0-1: Ball
1-1: Ball
2-1: Ball
3-1: Foul Ball, location: 2F
3-2: Foul Ball, location: 2F
3-2: Foul Ball, location: 2F
3-2: Base on Balls
Pitching: RHP Justin Collins
Batting: RHB Chase Briney 0-0: Ball
1-0: Ball
2-0: Foul Ball, location: 2F
2-1: Ball
3-1: Fielders Choice at 2nd, 1-6 (Groundball, 13, EV 67.5 MPH)
Batting: RHB Kory Sanchez 0-0: Ball
1-0: SINGLE (Line Drive, 78M, EV 106.9 MPH)
Chase Briney to second
Runner from 2nd tries for 3rd, SAFE, throw by LF made to third
Batting: RHB Travis Carter 0-0: Swinging Strike
0-1: Ball
1-1: Swinging Strike
1-2: Strikes out swinging
Bottom of the 6th over - 0 runs, 1 hit, 0 errors, 2 left on base; Mississippi 3 - San Antonio 6
TOP OF THE 7TH
Mississippi Braves batting - Pitching for San Antonio Missions : LHP Don Quiponch
Pitching: RHP Adrian de la Cerda
Batting: LHB Art D'Ascenzo 0-0: Foul Ball, location: 2F
0-1: Ball
1-1: Foul Ball, location: 2F
1-2: Strikes out swinging
Batting: RHB Luis Restrepo 0-0: Called Strike
0-1: Ball
1-1: Called Strike
1-2: Foul Ball, location: 2F
1-2: Ground out 2-3 (Groundball, 2L, EV 71.9 MPH)
Batting: RHB Paul Landes 0-0: Ball
1-0: Ground out 6-3 (Groundball, 6, EV 87.5 MPH)
Top of the 7th over - 0 runs, 0 hits, 0 errors, 0 left on base; Mississippi 3 - San Antonio 6
BOTTOM OF THE 7TH
San Antonio Missions batting - Pitching for Mississippi Braves : RHP Justin Collins
Pitching: RHP Rashid bin Ala'
Batting: RHB Jesse White 0-0: Called Strike
0-1: Swinging Strike
0-2: Strikes out swinging
Batting: RHB Bryan Pitcher 0-0: Called Strike
0-1: Ball
1-1: Called Strike
1-2: Ball
2-2: Ball
3-2: Fly out, F8 (Flyball, 8LD, EV 98.8 MPH)
Batting: RHB Jaden Scott 0-0: Fly out, F7 (Flyball, 78D, EV 97.5 MPH)
Bottom of the 7th over - 0 runs, 0 hits, 0 errors, 0 left on base; Mississippi 3 - San Antonio 6
TOP OF THE 8TH
Mississippi Braves batting - Pitching for San Antonio Missions : RHP Adrian de la Cerda
Now at 2B: Jaden Scott
Now at SS: Travis Carter
Now in LF: Pat Aviles
Batting: SHB Jose Melendez 0-0: Ground out 1-3 (Groundball, 15, EV 66.2 MPH)
Batting: RHB Tim Molchan 0-0: Foul Ball, location: 2F
0-1: Fly out, F9 (Flyball, 89S, EV 87.5 MPH)
Batting: RHB Elias Vences 0-0: Swinging Strike
0-1: Swinging Strike
0-2: Strikes out swinging
Top of the 8th over - 0 runs, 0 hits, 0 errors, 0 left on base; Mississippi 3 - San Antonio 6
BOTTOM OF THE 8TH
San Antonio Missions batting - Pitching for Mississippi Braves : RHP Rashid bin Ala'
Batting: RHB Eric Erickson 0-0: Ball
1-0: Foul Ball, location: 2F
1-1: Ball
2-1: Foul Ball, location: 2F
2-2: Foul Ball, location: 2F
2-2: Strikes out looking
Batting: SHB Isaiah Scates 0-0: Ball
1-0: Foul Ball, location: 2F
1-1: Ball
2-1: Foul Ball, location: 2F
2-2: Foul Ball, location: 2F
2-2: Fly out, F8 (Flyball, 8RS, EV 90.6 MPH)
Batting: RHB Niek de Haan 0-0: Ball
1-0: Ball
2-0: Called Strike
2-1: Swinging Strike
2-2: Fly out, F8 (Flyball, 8RD, EV 97.5 MPH)
Bottom of the 8th over - 0 runs, 0 hits, 0 errors, 0 left on base; Mississippi 3 - San Antonio 6
TOP OF THE 9TH
Mississippi Braves batting - Pitching for San Antonio Missions : RHP Adrian de la Cerda
Pitching: RHP Andy Dunmire
Now at 3B: Mike MacLeod
Batting: RHB Justin Reich 0-0: Foul Ball, location: 2F
0-1: Ball
1-1: Ball
2-1: Called Strike
2-2: Strikes out swinging
Batting: RHB Hieronim Rutkowski 0-0: Called Strike
0-1: Foul Ball, location: 2F
0-2: Ball
1-2: Foul Ball, location: 2F
1-2: Ball
2-2: Ground out 5-3 (Groundball, 5, EV 108.1 MPH)
Batting: LHB Sal Fernandez 0-0: Ball
1-0: Called Strike
1-1: Ball
2-1: Swinging Strike
2-2: Ball
3-2: Foul Ball, location: 2F
3-2: Ground out 4-3 (Groundball, 4, EV 107.5 MPH)
Top of the 9th over - 0 runs, 0 hits, 0 errors, 0 left on base; Mississippi 3 - San Antonio 6
Sunday, July 16th , 2023 - OOTP Baseball 24.6 Build 69